 Dungeon Crawl Stone Soup version 0.30.0-29-ga12c61a403 (webtiles) character file.

Game seed: 17188544153317054630

224 safid the Chiller (level 6, -7/47 HPs)
             Began as a Merfolk Ice Elementalist on June 9, 2023.
             Mangled by Sigmund
             ... wielding a +7 scythe of pain
              (14 damage)
             ... on level 3 of the Dungeon.
             The game lasted 00:05:47 (3416 turns).

safid the Chiller (Merfolk Ice Elementalist)        Turns: 3416, Time: 00:05:48

Health: -7/47      AC:  3    Str:  9    XL:     6   Next: 0%
Magic:  3/11       EV: 12    Int: 16    God:
Gold:   164        SH:  0    Dex: 14    Spells: 5/12 levels left

rFire   . . .        n - +0 dagger (drain)
rCold   . . .        (no shield)
rNeg    . . .        a - +0 robe
rPois   +            m - +0 helmet
rElec   .            (no cloak)
rCorr   +            (no gloves)
SInv    .            (no boots)
Will    .....        (no amulet)
Stlth   ++           i - ring of resist corrosion
HPRegen 0.27/turn    l - ring of poison resistance
MPRegen 0.12/turn

%: no passive effects
@: freezing walls
A: (nimble swimmer 2), mertail
a: no special abilities


You were on level 3 of the Dungeon.
You visited 1 branch of the dungeon, and saw 3 of its levels.

You collected 164 gold pieces.

Inventory:

Hand Weapons
 n - a +0 dagger of draining (weapon)
Missiles
 h - 2 curare-tipped darts
Armour
 a - a +0 robe (worn)
 m - a +0 helmet (worn)
Jewellery
 i - a ring of resist corrosion (left hand)
 l - a ring of poison resistance (right hand)
 p - a ring of ice
Scrolls
 c - 2 scrolls of identify {unknown}
 d - 2 scrolls of teleportation {unknown}
 e - a scroll of fog {unknown}
 k - 2 scrolls of summoning {unknown}
 o - 3 scrolls of fear {unknown}
 q - a scroll of immolation {unknown}
 r - a scroll of magic mapping {unknown}
Potions
 b - a potion of magic
 f - 2 potions of curing {unknown}
 g - a potion of flight {unknown}
 j - a potion of berserk rage {unknown}
 s - a potion of degeneration {unknown}


   Skills:
 + Level 3.3 Fighting
 - Level 2.6 Dodging
 - Level 2.1 Stealth
 + Level 3.5 Spellcasting
 + Level 5.7 Ice Magic


You had 5 spell levels left.
You knew the following spells:

 Your Spells              Type           Power      Damage    Failure   Level
a - Freeze                Ice            84%        1d9       1%          1
b - Frozen Ramparts       Ice            42%        1d7       4%          3
c - Ozocubu's Armour      Ice            21%        N/A       4%          3

Your spell library contained the following spells:

 Spells                   Type           Power      Damage    Failure   Level
 Summon Small Mammal      Summ           8%         N/A       19%         1
 Poisonous Vapours        Pois/Air       4%         N/A       26%         2
 Sublimation of Blood     Necr           2%         N/A       26%         2
 Wereblood                Tmut           2%         N/A       26%         2
 Call Canine Familiar     Summ           2%         N/A       47%         3
 Inner Flame              Hex/Fire       2%         N/A       47%         3
 Mephitic Cloud           Conj/Pois/Air  2%         N/A       47%         3
 Summon Guardian Golem    Hex/Summ       2%         N/A       47%         3
 Summon Ice Beast         Ice/Summ       11%        N/A       50%         4
 Freezing Cloud           Conj/Ice/Air   4%         6-21      92%         5
 Yara's Violent Unravell  Hex/Tmut       1%         3d3       99%         5
 Enfeeble                 Hex            1%         N/A       100%        7
 Summon Hydra             Summ           1%         N/A       100%        7


Dungeon Overview and Level Annotations

Branches:
Dungeon (3/15)

Altars:

Annotations:
D:3 Sigmund


Innate Abilities, Weirdness & Mutations

((You are very nimble when in or above water. (Stealth+, EV+, Speed+++)))
Your lower body shifts to a powerful aquatic tail in water.


Message History

Sigmund hits you with a +7 scythe of pain.
You writhe in agony.
Casting: Frozen Ramparts (dangerous; 4% risk of failure)
Confirm with . or Enter, or press ? or * to list all spells.
You miscast Ozocubu's Armour.
You are very lightly contaminated with residual magic.
Nothing appears to happen.
The wall freezes Sigmund but does no damage.
Sigmund gestures at you while chanting.
You are confused.
You are too confused!
You are too confused!
Okay, then.
The wall freezes Sigmund.
Sigmund gestures at you while chanting. The puff of flame hits you.
The wall freezes Sigmund.
Sigmund points at you and mumbles some strange words.
You are more confused.
The wall freezes Sigmund.
Sigmund barely misses you.
The wall freezes Sigmund.
Sigmund hits you with a +7 scythe of pain!
The frozen ramparts melt away.
Sigmund barely misses you.
Your magical contamination has completely faded away.
Sigmund hits you with a +7 scythe of pain.
Sigmund barely misses you.
You feel less confused.
Sigmund hits you with a +7 scythe of pain!
* * * LOW HITPOINT WARNING * * *
You writhe in agony.
* * * LOW HITPOINT WARNING * * *
Unknown command.
Casting: Ozocubu's Armour (dangerous; 4% risk of failure)
Confirm with . or Enter, or press ? or * to list all spells.
Casting: Frozen Ramparts (dangerous; 4% risk of failure)
Press: ? - help, Dir - look around, f - activate The walls around you are covered in ice.
The wall freezes Sigmund.
Sigmund hits you with a +7 scythe of pain!
You die...

####### #.........# ##...#
......# #.........## ###.#
......# #....).....# #.# ......#
#####)####.#########.#
.....<##########.####............
......)K.................######..
......#########..######### #..
......# #.@..##### #.. ......#
##@#.....### #.. ......#
#.#####..รท## ### ......# ##.#
###).###### ####### #..#
##.......# #.## ##..)..#..# #.#
#........## #.# #........### #.#
#....<...... #.# ##......####


You could see Sigmund.

Vanquished Creatures
  Natasha (twice) (D:2)
  2 orc wizards (D:3)
  4 gnolls (D:3)
  4 adders
  3 dart slugs
  An orc (D:3)
  8 ball pythons
  3 bats
  3 endoplasms
  7 goblins
  7 hobgoblins
  3 kobolds
  2 rats
49 creatures vanquished.

Notes
Turn   | Place    | Note
-------+----------+-------------------------------------------
     0 | D:1      | safid the Merfolk Ice Elementalist began the quest for the
                  | Orb.
     0 | D:1      | Reached XP level 1. HP: 13/13 MP: 3/3
   166 | D:1      | Reached XP level 2. HP: 12/20 MP: 1/5
   266 | D:1      | Reached skill level 1 in Fighting
  1226 | D:2      | Reached XP level 3. HP: 22/26 MP: 3/6
  1956 | D:2      | Reached skill level 5 in Ice Magic
  1956 | D:2      | Reached XP level 4. HP: 33/33 MP: 4/8
  1997 | D:2      | Learned a level 3 spell: Frozen Ramparts
  2001 | D:2      | Learned a level 3 spell: Ozocubu's Armour
  2256 | D:2      | Found a faded altar of an unknown god.
  2316 | D:2      | Noticed Natasha
  2325 | D:2      | Killed Natasha
  2346 | D:2      | Noticed Natasha
  2381 | D:2      | Killed Natasha
  2488 | D:3      | Reached XP level 5. HP: 22/39 MP: 2/9
  2717 | D:3      | Noticed Sigmund
  3094 | D:3      | Reached XP level 6. HP: 6/47 MP: 4/11
  3416 | D:3      | Mangled by Sigmund

Illustrated notes

Levels and vault maps discovered:
D:1:      erik_arrival_cave_to_civilisation [erik_arrival_cave_to_hall],
          layout_basic, minmay_crystal_water
D:2:      layout_basic, hellmonk_ecumenical_altar_leap_of_faith,
          uniq_crazy_yiuf_cottage, uniq_natasha
D:3:      layout_rooms, uniq_sigmund

Skill      XL: |  1  2  3  4  5 |
---------------+----------------+-----
Fighting       | 1 2 3 |  3.3
Ice Magic      | 5 |  5.7
Spellcasting   | 3 |  3.5
Dodging        | |  2.6
Stealth        | |  2.1

Action                     |  1- 3 |  4- 6 || total
---------------------------+-------+-------++-------
  Melee: Unarmed           |     6 |       ||     6
         Dagger            |    51 |    31 ||    82
         Punch             |     1 |       ||     1
   Cast: Freeze            |    37 |    12 ||    49
         Frozen Ramparts   |       |     7 ||     7
         Ozocubu's Armour  |       |     5 ||     5
   Stab: Sleeping          |     1 |     1 ||     2
 Armour: Robe              |    18 |    13 ||    31
  Dodge: Dodged            |    65 |    35 ||   100
